 Dungeon Crawl Stone Soup version 0.31-a0-259-g771a54ca4b (webtiles) character file.

Game seed: 9556635844157174038

61 qw the Shooter (level 4, -9/26 HPs)
             Began as a Gargoyle Hexslinger on July 13, 2023.
             Mangled by Terence
             ... wielding a +0 flail
              (14 damage)
             ... on level 2 of the Dungeon.
             The game lasted 00:00:29 (1044 turns).

qw the Shooter (Gargoyle Hexslinger)                Turns: 1044, Time: 00:00:30

Health: -9/26      AC:  7    Str: 11    XL:     4   Next: 7%
Magic:  1/1        EV: 11    Int: 14    God:
Gold:   45         SH:  5    Dex: 14    Spells: 4/5 levels left

rFire   . . .        Y - +0 sling (antimagic)
rCold   . . .        (no shield)
rNeg    + . .        g - +0 leather armour
rPois   inf          j - +0 helmet
rElec   +            (no cloak)
rCorr   .            (no gloves)
SInv    .            (no boots)
Will    .....        h - amulet of reflection
Stlth   +            (no ring)
HPRegen 0.24/turn    (no ring)
MPRegen 0.07/turn

%: reflection
@: no status effects
A: sickness immunity, AC +3, negative energy resistance 1, electricity
resistance, torment resistance 1, petrification resistance
a: no special abilities


You were on level 2 of the Dungeon.
You visited 1 branch of the dungeon, and saw 2 of its levels.

You collected 45 gold pieces.


Innate Abilities, Weirdness & Mutations

You are immune to sickness and miasma.
Your stone body is resilient. (AC +3)
You are immune to poison.
You resist negative energy. (rN+)
You are resistant to electric shocks. (rElec)
You are resistant to unholy torment.
You are immune to petrification.


   Skills:
 - Level 2.0 Fighting
 + Level 3.9 Ranged Weapons
 - Level 1.5 Dodging
 - Level 1.0 Spellcasting
 - Level 2.6 Hexes


You had 4 spell levels left.
You knew the following spells:

 Your Spells              Type           Power      Damage    Failure   Level
a - Slow                  Hex            32%        N/A       12%         1

Your spell library contained the following spells:

 Spells                   Type           Power      Damage    Failure   Level
 Inner Flame              Hex/Fire       4%         N/A       52%         3
 Portal Projectile        Hex/Tloc       8%         N/A       52%         3
 Cause Fear               Hex            4%         N/A       75%         4

Inventory:

Hand Weapons
 Y - a +0 antimagic sling (weapon)
Armour
 g - a +0 leather armour (worn)
 j - a +0 helmet (worn)
Jewellery
 h - an amulet of reflection (around neck)
Scrolls
 a - a scroll of identify
Potions
 f - a potion of enlightenment {unknown}
 i - a potion of brilliance {unknown}
 m - a potion of curing {unknown}
 n - a potion of invisibility {unknown}
 o - a potion of mutation {unknown}

Dungeon Overview and Level Annotations

Branches:
Dungeon (2/15)

Altars:

Annotations:
D:2 Terence


Message History

Terence barely misses you. Terence hits you with a +0 flail!
You shoot a sling bullet.
The sling bullet hits Terence but does no damage.
Terence is moderately wounded.
Terence hits you with a +0 flail! Terence barely misses you.
You shoot a sling bullet.
The sling bullet hits Terence but does no damage.
Terence is moderately wounded.
Terence closely misses you. Terence barely misses you.
You shoot a sling bullet. The sling bullet barely misses Terence.
Terence barely misses you. x2
You shoot a sling bullet.
The sling bullet hits Terence but does no damage.
Terence is moderately wounded.
Terence misses you. Terence hits you with a +0 flail.
1038 ||| DRINKING potion of heal wounds.
You feel much better. Terence completely misses you.
You shoot a sling bullet.
The sling bullet hits Terence but does no damage.
Terence is moderately wounded.
Terence barely misses you. Terence completely misses you.
You shoot a sling bullet. The sling bullet hits Terence.
Terence is moderately wounded.
Terence closely misses you. x2
You shoot a sling bullet.
The sling bullet closely misses Terence.
You block Terence's attack. Terence hits you with a +0 flail.
You shoot a sling bullet. The sling bullet barely misses Terence.
Terence barely misses you. Terence hits you with a +0 flail!
You shoot a sling bullet.
The sling bullet hits Terence but does no damage.
Terence is moderately wounded.
Terence closely misses you. Terence hits you with a +0 flail!
You shoot a sling bullet.
The sling bullet hits Terence but does no damage.
Terence is moderately wounded.
Terence hits you with a +0 flail!
Ouch! That really hurt!
You die...

#.........# ..#
#.........# #.#
#.........# # #.#
#.........# # #.#
#....>....### #.#
#.......)..## #%#
#............
#@####.........##.
######@.#..............
......[....##.......####
########.#####.....## #
#.. ##...## # ##.#
###..# # .. ##.# ### #.#
#.# #.#


You could see Terence (berserk).

Vanquished Creatures
  3 adders (D:2)
  3 ball pythons (D:1)
  3 bats (D:1)
  5 endoplasms
  4 giant cockroaches
  2 goblins (D:1)
  4 hobgoblins
  3 kobolds
  A frilled lizard (D:2)
  2 rats
30 creatures vanquished.

Notes
Turn   | Place    | Note
-------+----------+-------------------------------------------
     0 | D:1      | qw the Gargoyle Hexslinger began the quest for the Orb.
     0 | D:1      | Reached XP level 1. HP: 12/12 MP: 2/2
     0 | D:1      | 0 ||| qw: Version: 0.3-a-52-g30416fa
     0 | D:1      | 0 ||| qw: Game counter: 6898
     0 | D:1      | 0 ||| qw: Melee chars always use a shield: true
     0 | D:1      | 0 ||| qw: God list: Okawaru
     0 | D:1      | 0 ||| qw: Allow faded altars: false
     0 | D:1      | 0 ||| qw: Do Orc after clearing Dungeon:15 true
     0 | D:1      | 0 ||| qw: Do second Lair branch before Depths: true
     0 | D:1      | 0 ||| qw: Lair rune preference: random
     0 | D:1      | 0 ||| qw: Goals: Normal
     0 | D:1      | 0 ||| PLANNING D:1-11
    14 | D:1      | Found a faded altar of an unknown god.
   257 | D:1      | Reached XP level 2. HP: 16/16 MP: 3/3
   310 | D:1      | 310 ||| SWAPPING to +0 antimagic sling.
   311 | D:1      | 311 ||| DROPPING +1 sling.
   326 | D:1      | Reached skill level 3 in Ranged Weapons
   459 | D:1      | Reached XP level 3. HP: 10/21 MP: 1/4
   837 | D:1      | 837 ||| UPGRADING to +0 leather armour.
   847 | D:1      | 847 ||| DROPPING +0 robe.
   848 | D:1      | 848 ||| UPGRADING to +0 helmet.
   853 | D:1      | 853 ||| UPGRADING to amulet of reflection.
   858 | D:1      | 858 ||| READING scroll labelled ZAOPIDWICW.
   859 | D:1      | 859 ||| READING scroll labelled TOUXYSHR WIQOL.
   862 | D:1      | 862 ||| READING scroll labelled IRO MEAH LAIT.
   863 | D:1      | 863 ||| DRINKING 2 green potions.
   864 | D:1      | 864 ||| DROPPING scroll of poison.
   967 | D:2      | Reached XP level 4. HP: 26/26 MP: 1/5
  1024 | D:2      | Noticed Terence
  1037 | D:2      | HP: 4/26 [Terence/+0 flail (4)]
  1038 | D:2      | 1038 ||| DRINKING potion of heal wounds.
  1043 | D:2      | HP: 4/26 [Terence/+0 flail (9)]
  1044 | D:2      | Mangled by Terence

Levels and vault maps discovered:
D:1:      amcnicky_arrival_gap_in_the_tavern_cellar, layout_basic,
          dreamdust_ecumenical_altar_grove
D:2:      layout_rooms, serial_shops, shop, uniq_terence

Skill      XL: |  1  2  3 |
---------------+----------+-----
Ranged Weapons | 3 |  3.9
Fighting       | 2 |  2.0
Dodging        | |  1.5
Spellcasting   | |  1.0
Hexes          | |  2.6

Action                     |  1- 3 |  4- 6 || total
---------------------------+-------+-------++-------
   Fire: Sling             |   100 |    26 ||   126
    Use: Scroll            |     3 |       ||     3
         Potion            |     1 |     1 ||     2
 Armour: Robe              |    11 |       ||    11
         Leather armour    |     9 |       ||     9
  Dodge: Dodged            |    41 |    15 ||    56
  Block: Other             |     2 |     2 ||     4

Table legend:
 A = Non-vault XP
 B = Vault XP
 C = Vault XP percentage of total XP
 D = Non-vault monster count
 E = Vault monster count
 F = Vault count percentage of total count
                 A         B        C        D         E       F
            +---------+---------+-------+---------+---------+-------
      Total |      88 |       0 |   0.0 |      30 |       0 |   0.0
            +---------+---------+-------+---------+---------+-------
        D:1 |      35 |       0 |   0.0 |      19 |       0 |   0.0
        D:2 |      53 |       0 |   0.0 |      11 |       0 |   0.0
            +---------+---------+-------+---------+---------+-------
